Rocket vs Griffins
(R1)
Created - November 3, 2023 at 23:26
Goals
|
Rocket |
1 |
0 |
2 |
3 |
Griffins |
2 |
2 |
3 |
7 |
|
Shots
|
Rocket |
15 |
4 |
13 |
32 |
Griffins |
9 |
18 |
13 |
40 |
|
1st period
1. Rocket , Sergey Tolchinsky 9 (Adam Gaudette 6, Dominic Turgeon 9) at 1:35 (PP)
2. Griffins , Lucas Lessio 4 (Martin Frk 4, Nico Hischier 8) at 3:34
3. Griffins , Christoffer Ehn 3 (Sonny Milano 5) at 4:47
Penalties :
Troy Terry (Gra) for Interference (Minor) at 1:10, Martin Frk (Gra) for Tripping (Minor) at 8:28, Mikhail Maltsev (Lav) for Tripping (Minor) at 12:40
2nd period
4. Griffins , Martin Frk 10 (Nico Hischier 9, Lucas Lessio 6) at 0:36
5. Griffins , Martin Frk 11 (Lucas Lessio 7) at 16:30
Penalties :
Andrey Pedan (Lav) for Tripping (Minor) at 1:00, Nils Lundkvist (Gra) for Tripping (Minor) at 6:00, Raphael Bussieres (Lav) for Goalie Interference (Minor) at 9:34, Nils Lundkvist (Gra) for Hooking (Minor) at 9:41, Troy Terry (Gra) for Roughing (Double Minor) at 16:44
3rd period
6. Griffins , Lucas Lessio 5 (Martin Frk 5, Nico Hischier 10) at 11:39 (PP)
7. Rocket , Adam Gaudette 10 (Sergey Tolchinsky 5, Dominic Turgeon 10) at 12:00 (PP)
8. Griffins , Martin Frk 12 (Lucas Lessio 8, Nico Hischier 11) at 12:54
9. Rocket , Adam Gaudette 11 (Dean Kukan 2, Viktor Loov 5) at 15:02
10. Griffins , Lucas Lessio 6 (Martin Frk 6, Filip Hronek 6) at 16:18
Penalties :
Viktor Loov (Lav) for Interference (Minor) at 2:11, Troy Terry (Gra) for Hooking (Minor) at 8:02, Sergey Tolchinsky (Lav) for Roughing (Minor) at 11:32, Ryan Pulock (Gra) for Hooking (Minor) at 11:46
Goalie Stats
Eamon McAdam (Lav), 33 saves from 40 shots - (0.825), L, 5-2-0, 60:00 minutes
Adam Werner (Gra), 29 saves from 32 shots - (0.906), W, 4-2-0, 60:00 minutes
Players Stats for Rocket
Player Name G A P +/- PIM S H SB GA TA FO MP PP MP PK MP
------------------------------------------------------------------------------------
Adam Gaudette 2 1 3 -2 0 9 2 1 1 0 2/5 23:21 5:27 2:51
Andrei Mironov 0 0 0 -2 0 0 0 2 0 0 0/0 22:18 4:13 3:24
Andrey Pedan 0 0 0 -2 2 0 1 2 0 0 0/0 21:14 4:13 2:21
Branden Troock 0 0 0 0 0 1 0 1 0 0 0/0 6:44 0:21 0:00
Dean Kukan 0 1 1 -3 0 2 1 0 0 0 0/0 28:33 6:29 2:58
Dominic Turgeon 0 2 2 -2 0 2 0 0 0 0 24/40 24:16 5:27 2:51
Dylan DeMelo 0 0 0 0 0 1 0 0 0 0 0/0 11:17 0:00 1:31
Jack Glover 0 0 0 0 0 0 0 1 0 1 0/0 9:30 0:00 0:10
Jakob Lilja 0 0 0 -1 0 1 1 0 0 0 0/1 13:45 0:21 1:48
JC Lipon 0 0 0 -2 0 0 1 1 0 0 0/0 8:46 0:00 0:00
Karson Kuhlman 0 0 0 -2 0 1 0 0 0 1 5/6 10:41 0:21 0:48
Luke Kunin 0 0 0 0 0 0 2 0 0 0 1/2 6:23 0:00 0:00
Mikhail Maltsev 0 0 0 -2 2 2 0 1 0 0 0/0 14:00 4:54 0:00
Peter Holland 0 0 0 -1 0 1 2 0 1 1 9/15 18:48 4:54 2:32
Raphael Bussieres 0 0 0 0 2 0 1 0 0 0 0/1 6:38 0:00 0:16
Scott Wilson 0 0 0 -1 0 3 2 0 0 0 1/1 15:09 4:54 0:00
Sergey Tolchinsky 1 1 2 -2 2 6 4 0 1 0 0/0 22:55 5:27 1:16
Viktor Loov 0 1 1 -3 2 3 1 2 0 0 0/0 27:34 6:29 1:58
Players Stats for Griffins
Player Name G A P +/- PIM S H SB GA TA FO MP PP MP PK MP
------------------------------------------------------------------------------------
Brendan Leipsic 0 0 0 0 0 2 0 0 0 0 0/0 5:57 0:08 0:00
Chris Bigras 0 0 0 0 0 1 2 0 0 1 0/0 22:13 2:29 6:42
Christoffer Ehn 1 0 1 1 0 3 5 1 1 0 8/17 18:20 2:41 3:16
Cody Glass 0 0 0 0 0 0 0 0 0 0 0/1 6:26 0:27 0:00
Filip Hronek 0 1 1 3 0 2 1 2 0 0 0/0 25:59 3:42 3:52
Ian McCoshen 0 0 0 2 0 0 0 0 0 0 0/0 12:47 0:00 0:08
Jack Studnicka 0 0 0 0 0 0 4 0 0 0 0/0 13:02 0:00 0:00
Klim Kostin 0 0 0 0 0 1 2 0 0 0 0/0 12:23 2:22 1:19
Lucas Lessio 3 3 6 4 0 8 0 0 1 0 3/5 24:59 3:22 6:15
Martin Frk 3 3 6 4 2 11 2 2 0 1 2/4 22:38 3:30 2:20
Nico Hischier 0 4 4 4 0 2 3 0 0 1 8/25 19:59 3:22 1:02
Nils Lundkvist 0 0 0 0 4 2 0 0 0 0 0/0 15:40 3:41 0:00
Riley Armstrong 0 0 0 0 0 3 1 1 0 0 8/19 16:57 2:29 5:57
Robbie Russo 0 0 0 2 0 0 0 0 0 0 0/0 9:39 0:00 6:35
Ryan Pulock 0 0 0 3 2 2 0 1 0 0 0/0 22:19 0:00 3:59
Sebastian Ahaut 0 0 0 0 0 0 0 1 0 0 0/0 9:18 0:00 0:08
Sonny Milano 0 1 1 1 0 2 2 1 1 0 0/0 15:01 2:41 0:07
Troy Terry 0 0 0 1 8 1 3 1 0 0 0/0 13:42 0:00 1:08
3 Stars
1 - Lucas Lessio (Gra)
2 - Martin Frk (Gra)
3 - Nico Hischier (Gra)
Power Play
Rocket - 2 on 8 Attempt(s) - 25.00%
Griffins - 1 on 5 Attempt(s) - 20.00%
Penalty Kill
Rocket - 4 on 5 Attempt(s) - 80.00%
- Score 0 goal in Penalty Kill
Griffins - 6 on 8 Attempt(s) - 75.00%
- Score 0 goal in Penalty Kill
Team Stat
Rocket - Hits : 18 - Faceoff Wins : 42 - Blocked Shots : 11 - Penalty Minutes : 10
Griffins - Hits : 25 - Faceoff Wins : 29 - Blocked Shots : 10 - Penalty Minutes : 16
Official
Referees : Frederick L'Ecuyer and Graham Skilliter
Linesman : Mark Shewchyk and Travis Toomey
Game Notes
Martin Frk has scored a Hat Trick!
Lucas Lessio has scored a Hat Trick!
Finance
Level 1 -- Attendance: 1980 (99.00%) -- Ticket Income $138,600
Level 2 -- Attendance: 856 (85.60%) -- Ticket Income $34,240
Total Attendance: 2836 (94.53%)
Total Ticket Income: $172,840
Other Income: $8,642
Total Income: $181,482
Rocket
5 vs 5 Forward
Center Left Wing Right Wing Time % Phy DF OF
1 Dominic Turgeon Sergey Tolchinsky Adam Gaudette 40 0 2 3
2 Peter Holland Jakob Lilja Scott Wilson 30 0 2 3
3 Karson Kuhlman Mikhail Maltsev JC Lipon 20 0 3 2
4 Luke Kunin Raphael Bussieres Branden Troock 10 0 3 2
5 vs 5 Defense
Defense Defense Time % Phy DF OF
1 Dean Kukan Viktor Loov 40 0 2 3
2 Andrey Pedan Andrei Mironov 30 0 2 3
3 Dylan DeMelo Jack Glover 20 0 3 2
4 Dean Kukan Viktor Loov 10 0 1 4
PowerPlay Forward
Center Left Wing Right Wing Time % Phy DF OF
1 Dominic Turgeon Sergey Tolchinsky Adam Gaudette 60 0 2 3
2 Peter Holland Mikhail Maltsev Scott Wilson 40 0 2 3
PowerPlay Defense
Defense Defense Time % Phy DF OF
1 Dean Kukan Viktor Loov 60 0 2 3
2 Andrey Pedan Andrei Mironov 40 0 2 3
Penalty Kill 4 Players Forward
Center Wing Time % Phy DF OF
1 Dominic Turgeon Adam Gaudette 60 0 4 1
2 Peter Holland Sergey Tolchinsky 40 0 4 1
Penalty Kill 4 Players Defense
Defense Defense Time % Phy DF OF
1 Dean Kukan Viktor Loov 60 0 4 1
2 Andrey Pedan Andrei Mironov 40 0 4 1
Penalty Kill - 3 Players Forward
Forward Time % Phy DF OF
1 Dominic Turgeon 60 0 5 0
2 Peter Holland 40 0 5 0
Penalty Kill - 3 Players Defense
Defense Defense Time % Phy DF OF
1 Dean Kukan Viktor Loov 60 0 5 0
2 Andrey Pedan Andrei Mironov 40 0 5 0
4 vs 4 Forward
Center Wing Time % Phy DF OF
1 Dominic Turgeon Jakob Lilja 60 1 2 2
2 Peter Holland Raphael Bussieres 40 1 2 2
4 vs 4 Defense
Defense Defense Time % Phy DF OF
1 Dean Kukan Viktor Loov 60 1 2 2
2 Andrey Pedan Andrei Mironov 40 1 2 2
Last Minutes Offensive
Center Left Wing Right Wing Defense Defense
Dominic Turgeon Mikhail Maltsev Adam Gaudette Dean Kukan Viktor Loov
Last Minutes Defensive
Center Left Wing Right Wing Defense Defense
Dominic Turgeon Raphael Bussieres Adam Gaudette Dean Kukan Viktor Loov
Goaltenders
Starting : Eamon McAdam
Backup : Jamie Phillips
Extra Forwards
Normal : Peter Holland, Sergey Tolchinsky, Karson Kuhlman - PP : Peter Holland, Sergey Tolchinsky - PK : Peter Holland
Extra Defensemen
Normal : Andrei Mironov, Dylan DeMelo, Jack Glover - PP : Andrei Mironov - PK : Andrei Mironov, Dylan DeMelo
Penalty Shots
Adam Gaudette, Mikhail Maltsev, Scott Wilson, Dominic Turgeon, Peter Holland
Custom OT Lines Forwards
Adam Gaudette, Mikhail Maltsev, Scott Wilson, Dominic Turgeon, Peter Holland, Sergey Tolchinsky, Karson Kuhlman, Jakob Lilja, JC Lipon, Luke Kunin
Custom OT Lines Defensemen
Dean Kukan, Viktor Loov, Andrey Pedan, Andrei Mironov, Dylan DeMelo
Scratches
Brandon Pirri (Healthy), Damien Giroux (Healthy), Reese Johnson (Healthy), Jake Pivonka (Healthy), Francis Perron (Healthy)
Rasmus Sandin (Healthy), Ryan Collins (Healthy), Taylor Leier (Healthy), MacKenzie Entwistle (Healthy), Zack MacEwen (Healthy)
Niklas Nordgren (Healthy), Alexis Gravel (Healthy), Connor Ingram (Healthy)
Griffins
5 vs 5 Forward
Center Left Wing Right Wing Time % Phy DF OF
1 Nico Hischier Lucas Lessio Martin Frk 40 1 2 2
2 Christoffer Ehn Sonny Milano Troy Terry 30 1 2 2
3 Riley Armstrong Klim Kostin Jack Studnicka 20 1 2 2
4 Cody Glass Brendan Leipsic Jack Studnicka 10 1 2 2
5 vs 5 Defense
Defense Defense Time % Phy DF OF
1 Filip Hronek Ryan Pulock 40 1 2 2
2 Nils Lundkvist Chris Bigras 30 1 2 2
3 Sebastian Ahaut Ian McCoshen 20 1 2 2
4 Robbie Russo Ian McCoshen 10 1 2 2
PowerPlay Forward
Center Left Wing Right Wing Time % Phy DF OF
1 Nico Hischier Lucas Lessio Martin Frk 60 1 2 2
2 Christoffer Ehn Sonny Milano Klim Kostin 40 1 2 2
PowerPlay Defense
Defense Defense Time % Phy DF OF
1 Filip Hronek Nils Lundkvist 60 1 2 2
2 Chris Bigras Riley Armstrong 40 1 2 2
Penalty Kill 4 Players Forward
Center Wing Time % Phy DF OF
1 Riley Armstrong Lucas Lessio 60 1 2 2
2 Christoffer Ehn Troy Terry 40 1 2 2
Penalty Kill 4 Players Defense
Defense Defense Time % Phy DF OF
1 Robbie Russo Chris Bigras 60 1 2 2
2 Ryan Pulock Filip Hronek 40 1 2 2
Penalty Kill - 3 Players Forward
Forward Time % Phy DF OF
1 Riley Armstrong 60 1 2 2
2 Christoffer Ehn 40 1 2 2
Penalty Kill - 3 Players Defense
Defense Defense Time % Phy DF OF
1 Robbie Russo Chris Bigras 60 1 2 2
2 Filip Hronek Ryan Pulock 40 1 2 2
4 vs 4 Forward
Center Wing Time % Phy DF OF
1 Nico Hischier Martin Frk 60 1 2 2
2 Sonny Milano Lucas Lessio 40 1 2 2
4 vs 4 Defense
Defense Defense Time % Phy DF OF
1 Filip Hronek Nils Lundkvist 60 1 2 2
2 Sebastian Ahaut Chris Bigras 40 1 2 2
Last Minutes Offensive
Center Left Wing Right Wing Defense Defense
Nico Hischier Lucas Lessio Martin Frk Filip Hronek Nils Lundkvist
Last Minutes Defensive
Center Left Wing Right Wing Defense Defense
Christoffer Ehn Lucas Lessio Riley Armstrong Filip Hronek Chris Bigras
Goaltenders
Starting : Adam Werner
Backup : Marcus Hogberg
Extra Forwards
Normal : Klim Kostin, Riley Armstrong, Cody Glass - PP : Cody Glass, Riley Armstrong - PK : Martin Frk
Extra Defensemen
Normal : Nils Lundkvist, Ian McCoshen, Ryan Pulock - PP : Sebastian Ahaut - PK : Ian McCoshen, Sebastian Ahaut
Penalty Shots
Sonny Milano, Troy Terry, Lucas Lessio, Ryan Pulock, Klim Kostin
Custom OT Lines Forwards
Lucas Lessio, Martin Frk, Nico Hischier, Sonny Milano, Christoffer Ehn, Brendan Leipsic, Cody Glass, Klim Kostin, Riley Armstrong, Troy Terry
Custom OT Lines Defensemen
Filip Hronek, Nils Lundkvist, Chris Bigras, Ian McCoshen, Ryan Pulock
Scratches
Morgan Barron (Healthy), Morgan Geekie (Suspend), Jack Ramsey (Healthy), Jesse Graham (Healthy), Michael Bunting (Healthy)
Conor Timmins (Healthy), Tyler Lewington (Healthy), Calvin Thurkauf (Healthy), Oskar Steen (Healthy), Nick Swaney (Healthy)
Dominik Bokk (Healthy), Philippe Desrosiers (Healthy)
% Time on Ice - Rocket
Lines # - Real PCT - Wanted PCT - Time Play
Normal Forward
1 - 38% - 40% - 15:51
2 - 25% - 30% - 10:15
3 - 21% - 20% - 8:46
4 - 15% - 10% - 6:23
Normal Defense
1 - 45% - 40% - 18:33
2 - 32% - 30% - 13:12
3 - 21% - 20% - 8:33
4 - 2% - 10% - 0:57
PP Forward
1 - 54% - 60% - 5:48
2 - 46% - 40% - 4:54
PP Defense
1 - 61% - 60% - 6:29
2 - 39% - 40% - 4:13
PK Forward
1 - 80% - 60% - 4:55
2 - 20% - 40% - 1:16
PK Defense
1 - 67% - 60% - 4:07
2 - 33% - 40% - 2:04
PK3 Forward
1 - 0% - 60%
2 - 0% - 40%
PK3 Defense
1 - 0% - 60%
2 - 0% - 40%
44 Forward
1 - 73% - 60% - 1:22
2 - 27% - 40% - 0:30
44 Defense
1 - 54% - 60% - 1:00
2 - 46% - 40% - 0:52
Last Minute Offensive - 0:00
Last Minute Defensive - 0:00
Total
Forward - 60:00
Defense - 60:00
|
% Time on Ice - Griffins
Lines # - Real PCT - Wanted PCT - Time Play
Normal Forward
1 - 36% - 40% - 14:57
2 - 31% - 30% - 12:50
3 - 19% - 20% - 7:40
4 - 14% - 10% - 5:48
Normal Defense
1 - 41% - 40% - 16:56
2 - 30% - 30% - 12:28
3 - 21% - 20% - 8:48
4 - 7% - 10% - 3:03
PP Forward
1 - 57% - 60% - 3:30
2 - 43% - 40% - 2:41
PP Defense
1 - 60% - 60% - 3:42
2 - 40% - 40% - 2:29
PK Forward
1 - 68% - 60% - 7:19
2 - 32% - 40% - 3:23
PK Defense
1 - 64% - 60% - 6:50
2 - 36% - 40% - 3:52
PK3 Forward
1 - 0% - 60%
2 - 0% - 40%
PK3 Defense
1 - 0% - 60%
2 - 0% - 40%
44 Forward
1 - 80% - 60% - 1:30
2 - 20% - 40% - 0:22
44 Defense
1 - 80% - 60% - 1:30
2 - 20% - 40% - 0:22
Last Minute Offensive - 0:00
Last Minute Defensive - 0:00
Total
Forward - 60:00
Defense - 60:00
|
Play-by-Play
1st period
0:01 of 1st period - Dominic Turgeon wins face-off versus Nico Hischier in neutral zone.
0:05 of 1st period - Snap shot by Adam Gaudette.
0:05 of 1st period - Shot Misses the Net.
0:07 of 1st period - Wrist shot by Sergey Tolchinsky.
0:07 of 1st period - Stopped by Adam Werner without a rebound.
0:08 of 1st period - Dominic Turgeon wins face-off versus Nico Hischier in Griffins zone.
0:11 of 1st period - Snap shot by Dominic Turgeon.
0:11 of 1st period - Shot Blocked by Martin Frk.
0:13 of 1st period - Wrist shot by Adam Gaudette.
0:13 of 1st period - Shot Blocked by Filip Hronek.
0:15 of 1st period - Slapshot by Dean Kukan.
0:15 of 1st period - Shot Blocked by Ryan Pulock.
0:17 of 1st period - Slapshot by Sergey Tolchinsky.
0:17 of 1st period - Shot Misses the Net.
0:55 of 1st period - Slapshot by Dominic Turgeon.
0:55 of 1st period - Stopped by Adam Werner with a rebound.
0:57 of 1st period - Slapshot by Dean Kukan.
0:57 of 1st period - Stopped by Adam Werner without a rebound.
0:58 of 1st period - Peter Holland wins face-off versus Christoffer Ehn in Griffins zone.
1:03 of 1st period - Slapshot by Scott Wilson.
1:03 of 1st period - Shot Blocked by Christoffer Ehn.
1:10 of 1st period - Minor Penalty to Troy Terry for Interference.
1:11 of 1st period - Peter Holland wins face-off versus Riley Armstrong in Griffins zone.
1:15 of 1st period - Snap shot by Scott Wilson.
1:15 of 1st period - Stopped by Adam Werner with a rebound.
1:17 of 1st period - Slapshot by Viktor Loov.
1:17 of 1st period - Stopped by Adam Werner without a rebound.
1:18 of 1st period - Peter Holland wins face-off versus Riley Armstrong in Griffins zone.
1:19 of 1st period - Slapshot by Scott Wilson.
1:19 of 1st period - Shot Misses the Net.
1:21 of 1st period - Snap shot by Viktor Loov.
1:21 of 1st period - Stopped by Adam Werner with a rebound.
1:29 of 1st period - Snap shot by Scott Wilson.
1:29 of 1st period - Stopped by Adam Werner without a rebound.
1:30 of 1st period - Dominic Turgeon wins face-off versus Christoffer Ehn in Griffins zone.
1:35 of 1st period - Slapshot by Sergey Tolchinsky.
1:35 of 1st period - Goal by Sergey Tolchinsky - Rocket : 1 - Griffins : 0.
1:36 of 1st period - Karson Kuhlman wins face-off versus Riley Armstrong in neutral zone.
1:49 of 1st period - Dylan DeMelo is hit by Riley Armstrong and loses puck.
2:56 of 1st period - Wrist shot by Adam Gaudette.
2:56 of 1st period - Stopped by Adam Werner with a rebound.
3:32 of 1st period - Slapshot by Martin Frk.
3:32 of 1st period - Deflect By Lucas Lessio.
3:32 of 1st period - Stopped by Eamon McAdam with a rebound.
3:34 of 1st period - Snap shot by Lucas Lessio.
3:34 of 1st period - Goal by Lucas Lessio - Rocket : 1 - Griffins : 1.
3:35 of 1st period - Peter Holland wins face-off versus Riley Armstrong in neutral zone.
3:46 of 1st period - Snap shot by Scott Wilson.
3:46 of 1st period - Shot Blocked by Riley Armstrong.
3:48 of 1st period - Wrist shot by Viktor Loov.
3:48 of 1st period - Stopped by Adam Werner without a rebound.
3:49 of 1st period - Dominic Turgeon wins face-off versus Christoffer Ehn in Griffins zone.
3:58 of 1st period - Adam Gaudette is hit by Christoffer Ehn and loses puck.
4:36 of 1st period - Wrist shot by Martin Frk.
4:36 of 1st period - Stopped by Eamon McAdam with a rebound.
4:38 of 1st period - Slapshot by Ryan Pulock.
4:38 of 1st period - Stopped by Eamon McAdam without a rebound.
4:39 of 1st period - Dominic Turgeon wins face-off versus Nico Hischier in Rocket zone.
4:43 of 1st period - Off-side.
4:44 of 1st period - Christoffer Ehn wins face-off versus Dominic Turgeon in neutral zone.
4:47 of 1st period - Wrist shot by Sonny Milano.
4:47 of 1st period - Deflect By Christoffer Ehn.
4:47 of 1st period - Goal by Christoffer Ehn - Rocket : 1 - Griffins : 2.
4:48 of 1st period - Peter Holland wins face-off versus Nico Hischier in neutral zone.
5:36 of 1st period - Snap shot by Klim Kostin.
5:36 of 1st period - Shot Misses the Net.
5:42 of 1st period - Wrist shot by Klim Kostin.
5:42 of 1st period - Stopped by Eamon McAdam without a rebound.
5:43 of 1st period - Adam Gaudette wins face-off versus Nico Hischier in Rocket zone.
6:16 of 1st period - Andrey Pedan is hit by Chris Bigras and loses puck.
6:35 of 1st period - Snap shot by Mikhail Maltsev.
6:35 of 1st period - Deflect By Karson Kuhlman.
6:35 of 1st period - Stopped by Adam Werner with a rebound.
6:46 of 1st period - Mikhail Maltsev is hit by Jack Studnicka and loses puck.
7:35 of 1st period - Lucas Lessio is hit by Peter Holland and loses puck.
7:50 of 1st period - Slapshot by Sergey Tolchinsky.
7:50 of 1st period - Shot Misses the Net.
7:52 of 1st period - Snap shot by Sergey Tolchinsky.
7:52 of 1st period - Shot Misses the Net.
8:28 of 1st period - Minor Penalty to Martin Frk for Tripping.
8:29 of 1st period - Dominic Turgeon wins face-off versus Riley Armstrong in Griffins zone.
8:44 of 1st period - Slapshot by Sergey Tolchinsky.
8:44 of 1st period - Shot Misses the Net.
9:14 of 1st period - Filip Hronek is hit by Scott Wilson and loses puck.
9:40 of 1st period - Christoffer Ehn is hit by Peter Holland and loses puck.
10:18 of 1st period - Snap shot by Scott Wilson.
10:18 of 1st period - Stopped by Adam Werner without a rebound.
10:19 of 1st period - Riley Armstrong wins face-off versus Adam Gaudette in Griffins zone.
10:27 of 1st period - Icing by Dominic Turgeon.
10:28 of 1st period - Penalty to Martin Frk is over, Martin Frk is back on ice.
10:28 of 1st period - Dominic Turgeon wins face-off versus Christoffer Ehn in Rocket zone.
10:54 of 1st period - Adam Gaudette is hit by Jack Studnicka and loses puck.
11:15 of 1st period - Wrist shot by Sergey Tolchinsky.
11:15 of 1st period - Stopped by Adam Werner with a rebound.
12:21 of 1st period - Wrist shot by Adam Gaudette.
12:21 of 1st period - Stopped by Adam Werner without a rebound.
12:22 of 1st period - Peter Holland wins face-off versus Nico Hischier in Griffins zone.
12:23 of 1st period - Snap shot by Jakob Lilja.
12:23 of 1st period - Stopped by Adam Werner with a rebound.
12:33 of 1st period - Wrist shot by Martin Frk.
12:33 of 1st period - Stopped by Eamon McAdam with a rebound.
12:35 of 1st period - Snap shot by Martin Frk.
12:35 of 1st period - Stopped by Eamon McAdam with a rebound.
12:37 of 1st period - Slapshot by Ryan Pulock.
12:37 of 1st period - Stopped by Eamon McAdam without a rebound.
12:38 of 1st period - Karson Kuhlman wins face-off versus Christoffer Ehn in Rocket zone.
12:40 of 1st period - Minor Penalty to Mikhail Maltsev for Tripping.
12:41 of 1st period - Peter Holland wins face-off versus Martin Frk in Rocket zone.
13:15 of 1st period - Peter Holland is hit by Filip Hronek and loses puck.
13:57 of 1st period - Dean Kukan is hit by Christoffer Ehn and loses puck.
14:40 of 1st period - Penalty to Mikhail Maltsev is over, Mikhail Maltsev is back on ice.
15:30 of 1st period - Lucas Lessio is hit by Luke Kunin and loses puck.
16:04 of 1st period - Andrey Pedan is hit by Chris Bigras and loses puck.
16:23 of 1st period - Brendan Leipsic is hit by Andrey Pedan and loses puck.
16:55 of 1st period - Mikhail Maltsev is hit by Klim Kostin.
17:33 of 1st period - Adam Gaudette is hit by Martin Frk and loses puck.
18:28 of 1st period - Ian McCoshen is hit by Scott Wilson and loses puck.
18:48 of 1st period - Icing by Ryan Pulock.
18:49 of 1st period - Christoffer Ehn wins face-off versus Luke Kunin in Griffins zone.
18:54 of 1st period - Branden Troock is hit by Sonny Milano and loses puck.
19:05 of 1st period - Dean Kukan is hit by Klim Kostin and loses puck.
19:10 of 1st period - Slapshot by Filip Hronek.
19:10 of 1st period - Shot Blocked by Branden Troock.
Goals for this period are 1 for Rocket vs 2 for Griffins.
Shots for this period are 15 for Rocket vs 9 for Griffins.
2nd period
0:01 of 2nd period - Nico Hischier wins face-off versus Dominic Turgeon in neutral zone.
0:06 of 2nd period - Wrist shot by Nico Hischier.
0:06 of 2nd period - Stopped by Eamon McAdam with a rebound.
0:36 of 2nd period - Snap shot by Martin Frk.
0:36 of 2nd period - Goal by Martin Frk - Rocket : 1 - Griffins : 3.
0:37 of 2nd period - Christoffer Ehn wins face-off versus Peter Holland in neutral zone.
0:46 of 2nd period - Snap shot by Sonny Milano.
0:46 of 2nd period - Shot Misses the Net.
0:52 of 2nd period - Slapshot by Christoffer Ehn.
0:52 of 2nd period - Shot Misses the Net.
0:54 of 2nd period - Snap shot by Ryan Pulock.
0:54 of 2nd period - Shot Blocked by Andrey Pedan.
1:00 of 2nd period - Minor Penalty to Andrey Pedan for Tripping.
1:01 of 2nd period - Dominic Turgeon wins face-off versus Nico Hischier in Rocket zone.
1:14 of 2nd period - Snap shot by Lucas Lessio.
1:14 of 2nd period - Stopped by Eamon McAdam without a rebound.
1:15 of 2nd period - Dominic Turgeon wins face-off versus Nico Hischier in Rocket zone.
1:15 of 2nd period - Dominic Turgeon is hit by Martin Frk.
3:00 of 2nd period - Penalty to Andrey Pedan is over, Andrey Pedan is back on ice.
3:25 of 2nd period - Snap shot by Brendan Leipsic.
3:25 of 2nd period - Stopped by Eamon McAdam without a rebound.
3:26 of 2nd period - Karson Kuhlman wins face-off versus Cody Glass in Rocket zone.
3:51 of 2nd period - Christoffer Ehn is hit by Adam Gaudette.
3:54 of 2nd period - Off-side.
3:55 of 2nd period - Christoffer Ehn wins face-off versus Dominic Turgeon in neutral zone.
4:26 of 2nd period - Dean Kukan is hit by Sonny Milano and loses puck.
4:39 of 2nd period - Sonny Milano is hit by Sergey Tolchinsky and loses puck.
4:52 of 2nd period - Snap shot by Adam Gaudette.
4:52 of 2nd period - Deflect By Sergey Tolchinsky.
4:52 of 2nd period - Stopped by Adam Werner with a rebound.
4:54 of 2nd period - Slapshot by Dean Kukan.
4:54 of 2nd period - Shot Blocked by Sonny Milano.
4:56 of 2nd period - Wrist shot by Adam Gaudette.
4:56 of 2nd period - Stopped by Adam Werner without a rebound.
4:57 of 2nd period - Nico Hischier wins face-off versus Peter Holland in Griffins zone.
4:57 of 2nd period - Nico Hischier is hit by Jakob Lilja.
5:07 of 2nd period - Slapshot by Martin Frk.
5:07 of 2nd period - Stopped by Eamon McAdam without a rebound.
5:08 of 2nd period - Peter Holland wins face-off versus Nico Hischier in Rocket zone.
5:17 of 2nd period - Wrist shot by Martin Frk.
5:17 of 2nd period - Shot Misses the Net.
5:55 of 2nd period - Wrist shot by Jack Glover.
5:55 of 2nd period - Shot Misses the Net.
5:57 of 2nd period - Slapshot by Dylan DeMelo.
5:57 of 2nd period - Stopped by Adam Werner without a rebound.
5:58 of 2nd period - Lucas Lessio wins face-off versus Peter Holland in Griffins zone.
6:00 of 2nd period - Minor Penalty to Nils Lundkvist for Tripping.
6:01 of 2nd period - Riley Armstrong wins face-off versus Dominic Turgeon in Griffins zone.
6:01 of 2nd period - Riley Armstrong is hit by Adam Gaudette.
7:46 of 2nd period - Dean Kukan is hit by Troy Terry and loses puck.
8:00 of 2nd period - Penalty to Nils Lundkvist is over, Nils Lundkvist is back on ice.
8:06 of 2nd period - Brendan Leipsic is hit by Luke Kunin.
8:14 of 2nd period - Snap shot by Brendan Leipsic.
8:14 of 2nd period - Stopped by Eamon McAdam with a rebound.
9:16 of 2nd period - Snap shot by Troy Terry.
9:16 of 2nd period - Shot Misses the Net.
9:34 of 2nd period - Minor Penalty to Raphael Bussieres for Goalie Interference.
9:35 of 2nd period - Nico Hischier wins face-off versus Dominic Turgeon in Rocket zone.
9:41 of 2nd period - Minor Penalty to Nils Lundkvist for Hooking.
9:42 of 2nd period - Dominic Turgeon wins face-off versus Nico Hischier in Griffins zone.
9:57 of 2nd period - Snap shot by Dominic Turgeon.
9:57 of 2nd period - Stopped by Adam Werner with a rebound.
10:37 of 2nd period - Wrist shot by Lucas Lessio.
10:37 of 2nd period - Stopped by Eamon McAdam with a rebound.
11:34 of 2nd period - Penalty to Raphael Bussieres is over, Raphael Bussieres is back on ice.
11:41 of 2nd period - Penalty to Nils Lundkvist is over, Nils Lundkvist is back on ice.
11:53 of 2nd period - Sonny Milano is hit by Raphael Bussieres.
12:07 of 2nd period - Snap shot by Nils Lundkvist.
12:07 of 2nd period - Stopped by Eamon McAdam without a rebound.
12:08 of 2nd period - Riley Armstrong wins face-off versus Karson Kuhlman in Rocket zone.
12:08 of 2nd period - Ian McCoshen is hit by Viktor Loov and loses puck.
12:17 of 2nd period - Wrist shot by Riley Armstrong.
12:17 of 2nd period - Stopped by Eamon McAdam without a rebound.
12:18 of 2nd period - Karson Kuhlman wins face-off versus Riley Armstrong in Rocket zone.
12:27 of 2nd period - Slapshot by Riley Armstrong.
12:27 of 2nd period - Stopped by Eamon McAdam with a rebound.
12:29 of 2nd period - Slapshot by Jack Studnicka.
12:29 of 2nd period - Shot Misses the Net.
12:31 of 2nd period - Wrist shot by Sebastian Ahaut.
12:31 of 2nd period - Shot Blocked by JC Lipon.
12:33 of 2nd period - Slapshot by Sebastian Ahaut.
12:33 of 2nd period - Shot Blocked by Viktor Loov.
12:35 of 2nd period - Slapshot by Klim Kostin.
12:35 of 2nd period - Shot Misses the Net.
12:52 of 2nd period - Snap shot by Riley Armstrong.
12:52 of 2nd period - Deflect By Jack Studnicka.
12:52 of 2nd period - Shot Blocked by Viktor Loov.
12:52 of 2nd period - Puck is out of play.
12:53 of 2nd period - Dominic Turgeon wins face-off versus Lucas Lessio in Rocket zone.
13:00 of 2nd period - Wrist shot by Lucas Lessio.
13:00 of 2nd period - Stopped by Eamon McAdam without a rebound.
13:01 of 2nd period - Dominic Turgeon wins face-off versus Nico Hischier in Rocket zone.
13:06 of 2nd period - Snap shot by Adam Gaudette.
13:06 of 2nd period - Shot Misses the Net.
13:50 of 2nd period - Wrist shot by Martin Frk.
13:50 of 2nd period - Shot Misses the Net.
13:52 of 2nd period - Slapshot by Filip Hronek.
13:52 of 2nd period - Shot Blocked by Andrey Pedan.
14:04 of 2nd period - Slapshot by Nico Hischier.
14:04 of 2nd period - Shot Misses the Net.
14:06 of 2nd period - Slapshot by Ryan Pulock.
14:06 of 2nd period - Shot Blocked by Andrei Mironov.
14:08 of 2nd period - Slapshot by Ryan Pulock.
14:08 of 2nd period - Shot Blocked by Adam Gaudette.
14:10 of 2nd period - Snap shot by Martin Frk.
14:10 of 2nd period - Stopped by Eamon McAdam with a rebound.
14:12 of 2nd period - Snap shot by Filip Hronek.
14:12 of 2nd period - Shot Misses the Net.
14:14 of 2nd period - Snap shot by Lucas Lessio.
14:14 of 2nd period - Deflect By Martin Frk.
14:14 of 2nd period - Stopped by Eamon McAdam without a rebound.
14:15 of 2nd period - Christoffer Ehn wins face-off versus Jakob Lilja in Rocket zone.
14:18 of 2nd period - Wrist shot by Sonny Milano.
14:18 of 2nd period - Shot Misses the Net.
14:20 of 2nd period - Wrist shot by Sonny Milano.
14:20 of 2nd period - Stopped by Eamon McAdam without a rebound.
14:21 of 2nd period - Christoffer Ehn wins face-off versus Peter Holland in Rocket zone.
14:22 of 2nd period - Snap shot by Sonny Milano.
14:22 of 2nd period - Shot Misses the Net.
14:54 of 2nd period - Snap shot by Troy Terry.
14:54 of 2nd period - Stopped by Eamon McAdam without a rebound.
14:55 of 2nd period - Karson Kuhlman wins face-off versus Riley Armstrong in Rocket zone.
15:04 of 2nd period - Wrist shot by Riley Armstrong.
15:04 of 2nd period - Stopped by Eamon McAdam with a rebound.
15:24 of 2nd period - Icing by Ryan Pulock.
15:25 of 2nd period - Luke Kunin wins face-off versus Nico Hischier in Griffins zone.
15:26 of 2nd period - Slapshot by Raphael Bussieres.
15:26 of 2nd period - Shot Misses the Net.
15:31 of 2nd period - Off-side.
15:32 of 2nd period - Dominic Turgeon wins face-off versus Nico Hischier in neutral zone.
15:46 of 2nd period - Dean Kukan is hit by Nico Hischier and loses puck.
16:30 of 2nd period - Snap shot by Martin Frk.
16:30 of 2nd period - Goal by Martin Frk - Rocket : 1 - Griffins : 4.
16:31 of 2nd period - Dominic Turgeon wins face-off versus Christoffer Ehn in neutral zone.
16:42 of 2nd period - Snap shot by Sergey Tolchinsky.
16:42 of 2nd period - Shot Misses the Net.
16:44 of 2nd period - Double Minor Penalty to Troy Terry for Roughing.
16:45 of 2nd period - Riley Armstrong wins face-off versus Adam Gaudette in Griffins zone.
16:51 of 2nd period - Off-side.
16:52 of 2nd period - Dominic Turgeon wins face-off versus Riley Armstrong in neutral zone.
16:56 of 2nd period - Off-side.
16:57 of 2nd period - Adam Gaudette wins face-off versus Riley Armstrong in neutral zone.
17:03 of 2nd period - Off-side.
17:04 of 2nd period - Riley Armstrong wins face-off versus Dominic Turgeon in neutral zone.
17:19 of 2nd period - Wrist shot by Lucas Lessio.
17:19 of 2nd period - Stopped by Eamon McAdam without a rebound.
17:20 of 2nd period - Dominic Turgeon wins face-off versus Riley Armstrong in Rocket zone.
19:09 of 2nd period - Peter Holland is hit by Christoffer Ehn and loses puck.
Goals for this period are 0 for Rocket vs 2 for Griffins.
Shots for this period are 4 for Rocket vs 18 for Griffins.
3rd period
0:01 of 3rd period - Riley Armstrong wins face-off versus Dominic Turgeon in neutral zone.
0:34 of 3rd period - Backhand shot by Sergey Tolchinsky.
0:34 of 3rd period - Stopped by Adam Werner without a rebound.
0:35 of 3rd period - Christoffer Ehn wins face-off versus Peter Holland in Griffins zone.
0:44 of 3rd period - Penalty to Troy Terry is over, Troy Terry is back on ice.
1:02 of 3rd period - Slapshot by Filip Hronek.
1:02 of 3rd period - Stopped by Eamon McAdam with a rebound.
1:12 of 3rd period - Slapshot by Branden Troock.
1:12 of 3rd period - Shot Misses the Net.
1:28 of 3rd period - Slapshot by Mikhail Maltsev.
1:28 of 3rd period - Stopped by Adam Werner with a rebound.
1:30 of 3rd period - Slapshot by Dean Kukan.
1:30 of 3rd period - Deflect By Mikhail Maltsev.
1:30 of 3rd period - Stopped by Adam Werner without a rebound.
1:31 of 3rd period - Dominic Turgeon wins face-off versus Christoffer Ehn in Griffins zone.
1:46 of 3rd period - Wrist shot by Dominic Turgeon.
1:46 of 3rd period - Shot Blocked by Troy Terry.
2:11 of 3rd period - Minor Penalty to Viktor Loov for Interference.
2:12 of 3rd period - Lucas Lessio wins face-off versus Dominic Turgeon in Rocket zone.
4:11 of 3rd period - Penalty to Viktor Loov is over, Viktor Loov is back on ice.
5:15 of 3rd period - Raphael Bussieres is hit by Jack Studnicka and loses puck.
5:25 of 3rd period - Dylan DeMelo is hit by Jack Studnicka and loses puck.
6:18 of 3rd period - Snap shot by Branden Troock.
6:18 of 3rd period - Stopped by Adam Werner without a rebound.
6:19 of 3rd period - Dominic Turgeon wins face-off versus Martin Frk in Griffins zone.
7:57 of 3rd period - Snap shot by Peter Holland.
7:57 of 3rd period - Stopped by Adam Werner without a rebound.
7:58 of 3rd period - Peter Holland wins face-off versus Christoffer Ehn in Griffins zone.
8:02 of 3rd period - Minor Penalty to Troy Terry for Hooking.
8:03 of 3rd period - Riley Armstrong wins face-off versus Dominic Turgeon in Griffins zone.
8:03 of 3rd period - Riley Armstrong is hit by Sergey Tolchinsky.
9:11 of 3rd period - Icing by Andrey Pedan.
9:12 of 3rd period - Dominic Turgeon wins face-off versus Riley Armstrong in Rocket zone.
9:29 of 3rd period - Robbie Russo is hit by Sergey Tolchinsky and loses puck.
10:02 of 3rd period - Penalty to Troy Terry is over, Troy Terry is back on ice.
10:30 of 3rd period - Ian McCoshen is hit by JC Lipon and loses puck.
10:55 of 3rd period - Wrist shot by Christoffer Ehn.
10:55 of 3rd period - Stopped by Eamon McAdam with a rebound.
10:57 of 3rd period - Slapshot by Christoffer Ehn.
10:57 of 3rd period - Shot Blocked by Jack Glover.
10:59 of 3rd period - Slapshot by Sebastian Ahaut.
10:59 of 3rd period - Deflect By Christoffer Ehn.
10:59 of 3rd period - Stopped by Eamon McAdam without a rebound.
11:00 of 3rd period - Riley Armstrong wins face-off versus Raphael Bussieres in Rocket zone.
11:32 of 3rd period - Minor Penalty to Sergey Tolchinsky for Roughing.
11:33 of 3rd period - Martin Frk wins face-off versus Dominic Turgeon in Rocket zone.
11:39 of 3rd period - Wrist shot by Martin Frk.
11:39 of 3rd period - Deflect By Lucas Lessio.
11:39 of 3rd period - Goal by Lucas Lessio - Rocket : 1 - Griffins : 5.
11:40 of 3rd period - Lucas Lessio wins face-off versus Dominic Turgeon in neutral zone.
11:46 of 3rd period - Minor Penalty to Ryan Pulock for Hooking.
11:47 of 3rd period - Dominic Turgeon wins face-off versus Lucas Lessio in Griffins zone.
12:00 of 3rd period - Backhand shot by Adam Gaudette.
12:00 of 3rd period - Goal by Adam Gaudette - Rocket : 2 - Griffins : 5.
12:01 of 3rd period - Nico Hischier wins face-off versus Dominic Turgeon in neutral zone.
12:28 of 3rd period - Dean Kukan is hit by Christoffer Ehn and loses puck.
12:50 of 3rd period - Snap shot by Riley Armstrong.
12:50 of 3rd period - Shot Blocked by Andrei Mironov.
12:52 of 3rd period - Wrist shot by Jack Studnicka.
12:52 of 3rd period - Deflect By Riley Armstrong.
12:52 of 3rd period - Shot Misses the Net.
12:52 of 3rd period - Puck is out of play.
12:53 of 3rd period - Nico Hischier wins face-off versus Dominic Turgeon in Rocket zone.
12:54 of 3rd period - Snap shot by Lucas Lessio.
12:54 of 3rd period - Deflect By Martin Frk.
12:54 of 3rd period - Goal by Martin Frk - Rocket : 2 - Griffins : 6.
12:55 of 3rd period - Dominic Turgeon wins face-off versus Nico Hischier in neutral zone.
13:01 of 3rd period - Dean Kukan is hit by Nico Hischier and loses puck.
13:20 of 3rd period - Peter Holland is hit by Troy Terry and loses puck.
13:27 of 3rd period - Snap shot by Sonny Milano.
13:27 of 3rd period - Shot Misses the Net.
14:17 of 3rd period - Cody Glass is hit by Sergey Tolchinsky and loses puck.
14:44 of 3rd period - Snap shot by Sonny Milano.
14:44 of 3rd period - Shot Misses the Net.
14:46 of 3rd period - Snap shot by Christoffer Ehn.
14:46 of 3rd period - Deflect By Troy Terry.
14:46 of 3rd period - Shot Misses the Net.
14:46 of 3rd period - Puck is out of play.
14:47 of 3rd period - Dominic Turgeon wins face-off versus Nico Hischier in Rocket zone.
14:54 of 3rd period - Wrist shot by Adam Gaudette.
14:54 of 3rd period - Stopped by Adam Werner with a rebound.
14:56 of 3rd period - Slapshot by Adam Gaudette.
14:56 of 3rd period - Shot Blocked by Martin Frk.
14:58 of 3rd period - Slapshot by Dean Kukan.
14:58 of 3rd period - Shot Blocked by Sebastian Ahaut.
15:00 of 3rd period - Wrist shot by Dean Kukan.
15:00 of 3rd period - Stopped by Adam Werner with a rebound.
15:02 of 3rd period - Slapshot by Adam Gaudette.
15:02 of 3rd period - Goal by Adam Gaudette - Rocket : 3 - Griffins : 6.
15:03 of 3rd period - Nico Hischier wins face-off versus Dominic Turgeon in neutral zone.
15:12 of 3rd period - Wrist shot by Nico Hischier.
15:12 of 3rd period - Deflect By Lucas Lessio.
15:12 of 3rd period - Shot Misses the Net.
15:12 of 3rd period - Puck is out of play.
15:13 of 3rd period - Martin Frk wins face-off versus Dominic Turgeon in Rocket zone.
15:14 of 3rd period - Slapshot by Nico Hischier.
15:14 of 3rd period - Shot Misses the Net.
15:16 of 3rd period - Wrist shot by Nico Hischier.
15:16 of 3rd period - Stopped by Eamon McAdam with a rebound.
15:18 of 3rd period - Slapshot by Filip Hronek.
15:18 of 3rd period - Stopped by Eamon McAdam with a rebound.
15:43 of 3rd period - Wrist shot by Martin Frk.
15:43 of 3rd period - Shot Misses the Net.
16:05 of 3rd period - Adam Gaudette is hit by Nico Hischier and loses puck.
16:16 of 3rd period - Wrist shot by Martin Frk.
16:16 of 3rd period - Stopped by Eamon McAdam with a rebound.
16:18 of 3rd period - Wrist shot by Lucas Lessio.
16:18 of 3rd period - Goal by Lucas Lessio - Rocket : 3 - Griffins : 7.
16:19 of 3rd period - Scott Wilson wins face-off versus Christoffer Ehn in neutral zone.
16:54 of 3rd period - Slapshot by Chris Bigras.
16:54 of 3rd period - Deflect By Jack Studnicka.
16:54 of 3rd period - Shot Blocked by Mikhail Maltsev.
16:54 of 3rd period - Puck is out of play.
16:55 of 3rd period - Christoffer Ehn wins face-off versus Peter Holland in Rocket zone.
17:10 of 3rd period - Slapshot by Sonny Milano.
17:10 of 3rd period - Stopped by Eamon McAdam without a rebound.
17:11 of 3rd period - Nico Hischier wins face-off versus Dominic Turgeon in Rocket zone.
17:12 of 3rd period - Wrist shot by Martin Frk.
17:12 of 3rd period - Stopped by Eamon McAdam with a rebound.
17:18 of 3rd period - Wrist shot by Dominic Turgeon.
17:18 of 3rd period - Shot Misses the Net.
17:22 of 3rd period - Backhand shot by Dominic Turgeon.
17:22 of 3rd period - Deflect By Adam Gaudette.
17:22 of 3rd period - Shot Blocked by Filip Hronek.
17:22 of 3rd period - Puck is out of play.
17:23 of 3rd period - Dominic Turgeon wins face-off versus Nico Hischier in Griffins zone.
17:30 of 3rd period - Snap shot by Adam Gaudette.
17:30 of 3rd period - Stopped by Adam Werner with a rebound.
17:32 of 3rd period - Snap shot by Adam Gaudette.
17:32 of 3rd period - Stopped by Adam Werner with a rebound.
17:34 of 3rd period - Snap shot by Sergey Tolchinsky.
17:34 of 3rd period - Stopped by Adam Werner without a rebound.
17:35 of 3rd period - Nico Hischier wins face-off versus Adam Gaudette in Griffins zone.
17:40 of 3rd period - Filip Hronek is hit by Dean Kukan and loses puck.
18:01 of 3rd period - Viktor Loov is hit by Troy Terry and loses puck.
18:08 of 3rd period - Snap shot by Sonny Milano.
18:08 of 3rd period - Shot Misses the Net.
18:10 of 3rd period - Slapshot by Filip Hronek.
18:10 of 3rd period - Shot Misses the Net.
18:12 of 3rd period - Slapshot by Filip Hronek.
18:12 of 3rd period - Shot Misses the Net.
18:30 of 3rd period - Slapshot by Nils Lundkvist.
18:30 of 3rd period - Stopped by Eamon McAdam with a rebound.
18:32 of 3rd period - Snap shot by Chris Bigras.
18:32 of 3rd period - Stopped by Eamon McAdam without a rebound.
18:33 of 3rd period - Dominic Turgeon wins face-off versus Nico Hischier in Rocket zone.
18:42 of 3rd period - Snap shot by Adam Gaudette.
18:42 of 3rd period - Shot Misses the Net.
18:44 of 3rd period - Snap shot by Adam Gaudette.
18:44 of 3rd period - Stopped by Adam Werner with a rebound.
19:00 of 3rd period - Andrei Mironov is hit by Christoffer Ehn and loses puck.
Goals for this period are 2 for Rocket vs 3 for Griffins.
Shots for this period are 13 for Rocket vs 13 for Griffins.